 Dungeon Crawl Stone Soup version 0.30-a0-643-g638baaf3f0 (webtiles) character file.

Game seed: 11291175043948423801

427 DeathSun the Basher (level 6, -1/51 HPs)
             Began as a Minotaur Fighter on Jan 16, 2023.
             Slain by an ogre
             ... wielding a +0 giant club
              (11 damage)
             ... on level 3 of the Dungeon.
             The game lasted 00:05:52 (2393 turns).

DeathSun the Basher (Minotaur Fighter)              Turns: 2393, Time: 00:05:53

Health: -1/51      AC: 10    Str: 22    XL:     6   Next: 65%
Magic:  5/5        EV:  4    Int:  5    God:
Gold:   143        SH:  0    Dex: 10    Spells: 5/5 levels left

rFire   . . .      SeeInvis .    c - +0 great mace
rCold   + . .      Faith    .    (shield currently unavailable)
rNeg    . . .      Spirit   .    t - +0 chain mail {rC+}
rPois   .          Reflect  .    (helmet restricted)
rElec   .          Harm     .    n - +0 cloak
rCorr   .          Rampage  .    (no gloves)
Will    .....                    (no boots) Stlth
                                 (no amulet)
HPRegen 0.28/turn                (no ring)
MPRegen 0.09/turn                (no ring)

@: constricted
A: horns 2, retaliatory headbutt
a: no special abilities


You were on level 3 of the Dungeon.
You visited 1 branch of the dungeon, and saw 4 of its levels.

You collected 143 gold pieces.

Inventory:

Hand Weapons
 a - a +0 flail
 c - a +0 great mace (weapon)
Armour
 b - a +0 scale mail
 n - a +0 cloak (worn)
 t - a +0 chain mail of cold resistance (worn)
 w - a +0 ring mail of fire resistance
Jewellery
 f - a ring of fire
 q - a ring of fire
 v - a ring of flight
 y - a ring of ice
Wands
 u - a wand of acid (7)
Scrolls
 g - 2 scrolls of poison {unknown}
 h - 2 scrolls of teleportation
 i - 2 scrolls of identify {unknown}
 j - a scroll of enchant weapon {unknown}
 k - 2 scrolls of noise {unknown}
 p - a scroll of immolation {unknown}
Potions
 d - a potion of might
 e - a potion of invisibility {unknown}
 l - a potion of heal wounds {unknown}
 m - a potion of mutation {unknown}
 o - a potion of curing {unknown}
 r - a potion of magic {unknown}
 s - 2 potions of degeneration {unknown}
 x - a potion of cancellation {unknown}


   Skills:
 - Level 3.6 Fighting
 + Level 8.7 Maces & Flails
 - Level 3.6 Armour
 - Level 3.6 Shields


You had 5 spell levels left.
You didn't know any spells.
Your spell library contained the following spells:

 Spells                   Type           Power      Damage    Failure   Level
 Cigotuvi's Dreadful Rot  Necr/Pois/Air  0%         N/A       100%        2
 Poisonous Vapours        Pois/Air       0%         N/A       100%        2
 Mephitic Cloud           Conj/Pois/Air  0%         N/A       100%        3


Dungeon Overview and Level Annotations

Branches:
Dungeon (4/15)
 Temple: D:4-7

Altars:


Innate Abilities, Weirdness & Mutations

You have a pair of horns on your head.
You reflexively headbutt those who attack you in melee.


Message History

y - a ring of ice
Items here: )) [ ††.
Done exploring.
Done exploring.
Things that are here:
a +0 dagger; a +0 sling
There is a stone staircase leading down here.
You climb downwards.
The endoplasm quivers.
Found a scale mail.
There is a stone staircase leading up here.
You thump the ogre! You headbutt the ogre!
The ogre is severely wounded.
A ball python comes into view.
The ogre hits you with a +0 giant club!
The endoplasm hits you but does no damage.
You hit the ogre but do no damage.
The ogre is severely wounded.
The ball python closely misses you. The ball python grabs you.
The ball python constricts you.
The ogre hits you with a +0 giant club!!
Ouch! That really hurt!
* * * LOW HITPOINT WARNING * * *
The endoplasm barely misses you. The ball python completely misses you.
The ball python constricts you.
You escape the ball python's grasp.
The endoplasm closely misses you. The ogre hits you but does no damage.
You climb upwards.
There is a stone staircase leading down here.
You barely miss the ogre.
The ogre is severely wounded.
The ball python bites you but does no damage.
The ball python barely misses you. The endoplasm freezes you.
You are frozen.
You resist.
* * * LOW HITPOINT WARNING * * *
The ball python bites you but does no damage.
The ball python grabs you. The ball python constricts you.
The ogre hits you with a +0 giant club!
You die...

#..........# #####
#..........## ##....
##))........###.....
##.<[.....#..#......
#..........#.#......
#..........#........
#..........###......
#.J........# #......
#..@.......# ##.....
##O.S..)...# ##.....
##......#.###......
######............
#............
#............
#............
#............
#........)...


You could see an ogre, an endoplasm and a ball python.

Vanquished Creatures
  Grinder (D:3)
  A hound (D:3)
  Jessica (D:3)
  Terence (D:3)
  A gnoll (D:1)
  4 adders
  5 worms
  3 dart slugs
  5 orcs
  5 ball pythons
  2 bats (D:2)
  9 endoplasms
  6 giant cockroaches
  9 goblins
  3 hobgoblins
  3 jackals (D:3)
  8 kobolds
  7 frilled lizards
  4 rats
78 creatures vanquished.

Notes
Turn   | Place    | Note
-------+----------+-------------------------------------------
     0 | D:1      | DeathSun the Minotaur Fighter began the quest for the Orb.
     0 | D:1      | Reached XP level 1. HP: 19/19 MP: 0/0
    25 | D:1      | Reached skill level 3 in Maces & Flails
    25 | D:1      | Reached XP level 2. HP: 25/26 MP: 1/1
   116 | D:1      | Reached skill level 4 in Maces & Flails
   261 | D:1      | Reached XP level 3. HP: 29/31 MP: 2/2
   971 | D:2      | Reached skill level 5 in Maces & Flails
  1019 | D:2      | Reached XP level 4. HP: 39/39 MP: 3/3
  1421 | D:3      | Noticed Jessica
  1431 | D:3      | Killed Jessica
  1432 | D:3      | Reached skill level 6 in Maces & Flails
  1519 | D:3      | Noticed Grinder
  1520 | D:3      | Reached XP level 5. HP: 41/45 MP: 4/4
  1811 | D:3      | Noticed Terence
  1822 | D:3      | Killed Terence
  1823 | D:3      | Reached skill level 7 in Maces & Flails
  2058 | D:3      | Paralysed by Grinder for 5 turns
  2075 | D:3      | Killed Grinder
  2076 | D:3      | Reached skill level 8 in Maces & Flails
  2076 | D:3      | Reached XP level 6. HP: 11/51 MP: 5/5
  2393 | D:3      | Slain by an ogre

Illustrated notes

Levels and vault maps discovered:
D:1:      lightli_iron_boxes, layout_basic
D:2:      layout_rooms
D:3:      layout_rooms, uniq_terence, uniq_grinder, uniq_jessica
D:4:      layout_basic, lemuel_doored_altar,
          gammafunk_temple_overflow_forgotten, uniq_edmund

Skill      XL: |  1  2  3  4  5 |
---------------+----------------+-----
Maces & Flails | 3 4 5 6 8 |  8.7
Fighting       | |  3.6
Armour         | |  3.6
Shields        | |  3.6

Action                   |  1- 3 |  4- 6 || total
-------------------------+-------+-------++-------
Melee: Flail             |    60 |    62 ||   122
       Headbutt          |     4 |    12 ||    16
       Great mace        |       |    53 ||    53
  Use: Potion            |       |     1 ||     1
       Scroll            |       |     1 ||     1
Armor: Scale mail        |    20 |    37 ||    57
       Chain mail        |       |    48 ||    48
Dodge: Dodged            |    25 |    58 ||    83
Block: Buckler           |    10 |    10 ||    20

Table legend: (Time is in decaauts)
 A = Elapsed time spent in this place.
 B = Non-inter-level travel time spent in this place.
 C = Inter-level travel time spent in this place.
 D = Time resting spent in this place.
 E = Time spent auto-exploring this place.
 F = Levels seen in this place.
 G = Mean time per level.
                   A        B        C        D        E       F      G
               +--------+--------+--------+--------+--------+-----+--------+
         Total |   2432 |   2230 |    202 |      0 |   1594 |   4 |  608.0 |
       Dungeon |   2432 |   2230 |    202 |      0 |   1594 |   4 |  608.0 |
               +--------+--------+--------+--------+--------+-----+--------+

Top non-repeatable levels by time:
     D:3: 933 daAuts
     D:1: 880 daAuts
     D:2: 606 daAuts
     D:4: 12 daAuts
